 Dungeon Crawl Stone Soup version 0.25-a0-589-g1e14c549ee (webtiles) character file.

Game seed: 13274694134868901517, levelgen mode: deterministic

95 Eurus the Conjurer (level 4, 30/30 HPs)
             Began as a Demonspawn Conjurer on Mar 12, 2020.
             Quit the game on level 2 of the Dungeon.
             The game lasted 00:04:39 (2639 turns).

Eurus the Conjurer (Demonspawn Conjurer)            Turns: 2639, Time: 00:04:40

Health: 30/30      AC:  3    Str:  8    XL:     4   Next: 40%
Magic:  8/8        EV: 12    Int: 18    God:
Gold:   60         SH:  0    Dex: 13    Spells: 5/8 levels left

rFire    . . .     SeeInvis .   e - +0 dagger
rCold    . . .     Gourm    .   (no shield)
rNeg     . . .     Faith    .   a - +0 robe
rPois    .         Spirit   +   p - +0 helmet
rElec    .         Reflect  .   (no cloak)
rCorr    .         Harm     .   (no gloves)
MR       .....                  (no boots)
Stlth    +++.......             (no amulet)
HPRegen  0.10/turn              (no ring)
MPRegen  0.11/turn              (no ring)

@: no status effects
A: nightstalker 1, magic shield, sturdy frame 1
a: no special abilities


You were on level 2 of the Dungeon.
You were not hungry.

You visited 1 branch of the dungeon, and saw 2 of its levels.

You collected 60 gold pieces.

Inventory:

Hand Weapons
 e - a +0 dagger (weapon)
Armour
 a - a +0 robe (worn)
 j - a +0 buckler
 p - a +0 helmet (worn)
Jewellery
 g - a cursed amulet of inaccuracy {unknown}
 s - an uncursed ring of wizardry {unknown}
Scrolls
 b - a scroll of magic mapping {unknown}
 f - 2 scrolls of teleportation {unknown}
 i - 2 scrolls of amnesia {unknown}
 k - 2 scrolls of remove curse {unknown}
 l - a scroll of enchant armour {unknown}
 r - a scroll of identify {unknown}
Potions
 d - 2 potions of berserk rage {unknown}
 h - a potion of heal wounds {unknown}
 n - a potion of invisibility {unknown}
 o - a potion of curing {unknown}
 q - a potion of stabbing {unknown}
Comestibles
 c - 4 rations
 m - 3 chunks of flesh


   Skills:
 - Level 1.7 Dodging
 - Level 1.7 Stealth
 + Level 0.7 Shields
 + Level 2.9 Spellcasting
 + Level 5.2 Conjurations


You had 5 spell levels left.
You knew the following spells:

 Your Spells              Type           Power        Failure   Level  Hunger
a - Magic Dart            Conj           ###.         1%          1    None
b - Searing Ray           Conj           ###...       3%          2    ##.....

Your spell library contained the following spells:

 Spells                   Type           Power        Failure   Level  Hunger
 Dazzling Flash           Conj/Hex       ##....       17%         3    ###....
 Fulminant Prism          Conj/Hex       ##........   50%         4    ####...
 Iskenderun's Mystic Bla  Conj/Tloc      ##......     50%         4    ####...


Dungeon Overview and Level Annotations

Branches:
Dungeon (2/15)

Altars:


Innate Abilities, Weirdness & Mutations

You are slightly more attuned to the shadows.
When hurt, damage is shared between your health and your magic reserves.
Your movements are slightly less encumbered by armour. (ER -2)


Message History

Magic restored.
A kobold comes into view. It is wielding a +0 short sword.
A kobold is nearby!
Casting: Magic Dart (safe; 1% risk of failure)
Confirm with . or Enter, or press ? or * to list all spells.
Aiming: Magic Dart (safe; 1% risk of failure)
Press: ? - help, Shift-Dir - straight line, f - kobold
Aim: a kobold, wielding a +0 short sword (resting)
The magic dart hits the kobold.
You kill the kobold!
Casting: Magic Dart (safe; 1% risk of failure)
Confirm with . or Enter, or press ? or * to list all spells.
You don't know that spell.
Things that are here:
a +0 short sword; a kobold corpse Magic restored.
Done exploring.
Done exploring.
Done exploring.
Are you sure you want to abandon this character and quit the game? (Confirm with "yes".)

#.......###.......#
#.#########...#....
#...# #.......#####
###.###.####..#
#...#..# #.>#
###.##.# ####
###.....# #....####
#@#.### #.#...#
#.###)# #.....#
#######


There were no monsters in sight!

Vanquished Creatures
  3 adders (D:2)
  2 worms (D:2)
  3 dart slugs
  A leopard gecko (D:1)
  8 bats
  3 giant cockroaches
  5 goblins
  6 hobgoblins
  10 jackals (D:1)
  2 frilled lizards
  4 kobolds
  6 rats
53 creatures vanquished.

Notes
Turn   | Place    | Note
-------+----------+-------------------------------------------
     0 | D:1      | Eurus the Demonspawn Conjurer began the quest for the Orb.
     0 | D:1      | Reached XP level 1. HP: 13/13 MP: 3/3
   196 | D:1      | Gained mutation: When hurt, damage is shared between your
                  | health and your magic reserves. [demonic ancestry]
   196 | D:1      | Reached XP level 2. HP: 12/19 MP: 0/5
  1045 | D:1      | Learned a level 2 spell: Searing Ray
  1234 | D:1      | Gained mutation: Your movements are slightly less
                  | encumbered by armour. (ER -2) [demonic ancestry]
  1234 | D:1      | Reached XP level 3. HP: 24/24 MP: 3/6
  1977 | D:2      | Reached skill level 5 in Conjurations
  2169 | D:2      | Gained mutation: You are slightly more attuned to the
                  | shadows. [demonic ancestry]
  2169 | D:2      | Reached XP level 4. HP: 30/30 MP: 5/8
  2639 | D:2      | Quit the game

Levels and vault maps discovered:
D:1:      dpeg_arrival_water_temple_mockup, layout_loops_corners
D:2:      layout_basic

Skill      XL: |  1  2  3 |
---------------+----------+-----
Conjurations   | 5 |  5.2
Dodging        | |  1.7
Stealth        | |  1.7
Shields        | |  0.7
Spellcasting   | |  2.9

Action                   |  1- 3 |  4- 6 || total
-------------------------+-------+-------++-------
Melee: Dagger            |    99 |    18 ||   117
 Cast: Magic Dart        |    50 |    17 ||    67
       Searing Ray       |     3 |     2 ||     5
 Stab: Sleeping          |     2 |     1 ||     3
  Eat: Chunk             |     5 |     1 ||     6
Armor: Robe              |    20 |     7 ||    27
Dodge: Dodged            |    86 |    15 ||   101

Table legend:
 A = Non-vault XP
 B = Vault XP
 C = Vault XP percentage of total XP
 D = Non-vault monster count
 E = Vault monster count
 F = Vault count percentage of total count
                 A         B        C        D         E       F
            +---------+---------+-------+---------+---------+-------
      Total |     137 |       0 |   0.0 |      53 |       0 |   0.0
            +---------+---------+-------+---------+---------+-------
        D:1 |      55 |       0 |   0.0 |      30 |       0 |   0.0
        D:2 |      82 |       0 |   0.0 |      23 |       0 |   0.0
            +---------+---------+-------+---------+---------+-------
